 Dungeon Crawl Stone Soup version 0.29-a0-617-g7a6b98fccd (webtiles) character file.

Game seed: 14578083234661610804

83 dolemite99 the Cutter (level 4, -4/35 HPs)
             Began as a Djinni Fighter on June 18, 2022.
             Was a Believer of Zin.
             Slain by Terence
             ... wielding a +0 trident
              (6 damage)
             ... on level 3 of the Dungeon.
             The game lasted 00:02:15 (2244 turns).

dolemite99 the Cutter (Djinni Fighter)              Turns: 2244, Time: 00:02:15

Health: -4/35      AC:  9    Str: 23    XL:     4   Next: 71%
Gold:   106        EV:  7    Int: 10    God:    Zin [**....] SH:  4 Dex: 12

rFire   + + .      SeeInvis .   a - +0 rapier
rCold   x . .      Faith    .   c - +0 buckler
rNeg    . . .      Spirit   .   i - +0 chain mail
rPois   ∞          Reflect  .   (no helmet)
rElec   .          Harm     .   (no cloak)
rCorr   .          Rampage  .   (no gloves)
Will    .....                   (boots unavailable)
Stlth   ..........              (no amulet)
HPRegen 0.11/turn               h - +6 ring of strength
MPRegen 0.00/turn               (no ring)

@: mighty, flying
A: sickness immunity, fire resistance 2, cold vulnerability 1, float, innate
caster, HP casting, extra vitality 1
a: Renounce Religion, Recite, Vitalisation, Donate Gold


You were on level 3 of the Dungeon.
You worshipped Zin.
Zin was pleased with you.
You visited 1 branch of the dungeon, and saw 3 of its levels.

You collected 117 gold pieces.
You donated 11 gold pieces to Zin.

Inventory:

Hand Weapons
 a - a +0 rapier (weapon)
 j - a +3 short sword
 n - a +0 hunting sling
Armour
 b - a +0 scale mail
 c - a +0 buckler (worn)
 i - a +0 chain mail (worn)
Jewellery
 g - an amulet of reflection
 h - a +6 ring of strength (left hand)
Scrolls
 f - a scroll of teleportation
 k - a scroll of noise
 l - a scroll of fog
Potions
 m - a potion of flight
 o - a potion of degeneration


   Skills:
 - Level 3.0 Fighting
 + Level 4.1 Short Blades
 - Level 3.0 Armour
 - Level 3.0 Shields


You had 2 spell levels left.
You knew the following spells:

 Your Spells              Type           Power      Damage    Failure   Level
a - Summon Small Mammal   Summ           0%         N/A       99%         1
Your spell library was empty.

Dungeon Overview and Level Annotations

Branches:
Dungeon (3/15)

Altars:
Zin
The Shining One

Annotations:
D:3 Terence


Innate Abilities, Weirdness & Mutations

You are immune to sickness and miasma.
You are immune to poison.
Your flesh is very heat resistant. (rF++)
You are vulnerable to cold. (rC-)
You float through the air rather than walking.
You learn spells naturally, not from books.
Your magical power is your life essence.
You have superior vitality. (+4 MHP)


Message History

You closely miss Terence.
Terence is lightly wounded.
Terence looks scornfully at you. Terence hits you with a +0 trident!
You barely miss Terence.
Terence is lightly wounded.
The jackal pauses to sniff the ground.
Terence hits you with a +0 trident.
You hit Terence but do no damage.
Terence is lightly wounded.
Terence barely misses you.
You hit Terence.
Terence is lightly wounded.
Terence hits you but does no damage.
You puncture Terence!
Terence is heavily wounded.
Terence hits you with a +0 trident.
You hit Terence.
Terence is heavily wounded.
Terence barely misses you.
The quokka twitches its whiskers.
You feel very mighty all of a sudden. Terence hits you with a +0 trident.
* * * LOW HITPOINT WARNING * * *
You closely miss Terence.
Terence is heavily wounded.
Terence says, "Time to say good-bye..."
Terence hits you with a +0 trident.
* * * LOW HITPOINT WARNING * * *
You hit Terence.
Terence is severely wounded.
Terence hits you with a +0 trident.
* * * LOW HITPOINT WARNING * * *
You barely miss Terence.
Terence is severely wounded.
Terence hits you but does no damage.
You hit Terence.
Terence is almost dead.
Terence hits you with a +0 trident.
You die...

#.# #.#
#.# #.#
#)#
#####.#
#.....#
#.#####
#@# #@#
#h# #g#


hhr ... ... ..<.. You could see Terence, a quokka, 3 jackals and a goblin.

Vanquished Creatures
  2 adders (D:2)
  A dart slug (D:1)
  4 bats
  6 endoplasms
  5 giant cockroaches
  2 goblins
  5 hobgoblins
  6 jackals
  2 quokkas
  7 ball pythons
  10 frilled lizards
  5 kobolds
  3 rats
58 creatures vanquished.

Vanquished Creatures (others)
  7 plants (D:2)
7 creatures vanquished.

Grand Total: 65 creatures vanquished

Notes
Turn   | Place    | Note
-------+----------+-------------------------------------------
     0 | D:1      | dolemite99 the Djinni Fighter began the quest for the Orb.
     0 | D:1      | Reached XP level 1. HP: 20/20 MP: 0/0
    36 | D:1      | Reached skill level 2 in Short Blades
    40 | D:1      | Reached XP level 2. HP: 25/25 MP: 0/0
   482 | D:1      | Reached skill level 3 in Short Blades
   482 | D:1      | Reached XP level 3. HP: 29/30 MP: 0/0
   482 | D:1      | Learned a level 1 spell: Summon Small Mammal
   500 | D:1      | Found a faded altar of an unknown god.
   546 | D:1      | Prayed at the altar of an unknown god.
   546 | D:1      | Became a worshipper of Zin the Law-Giver
   546 | D:1      | Reached * piety under Zin
  1441 | D:2      | Reached ** piety under Zin
  1547 | D:2      | Reached XP level 4. HP: 35/35 MP: 0/0
  1685 | D:2      | Found a glowing golden altar of the Shining One.
  1779 | D:2      | Reached skill level 4 in Short Blades
  2215 | D:3      | Noticed Terence
  2244 | D:3      | Slain by Terence

Illustrated notes

Levels and vault maps discovered:
D:1:      mrwooster_arrival_statue_3, layout_basic,
          shapermc_ecumenical_altar_totnotflames, minmay_quantized
D:2:      layout_rooms, basic_altar, minmay_lizard_king
D:3:      layout_basic, uniq_terence

Skill      XL: |  1  2  3  4 |
---------------+-------------+-----
Short Blades   | 2 3 4 |  4.1
Fighting       | |  3.0
Armour         | |  3.0
Shields        | |  3.0

Action                   |  1- 3 |  4- 6 || total
-------------------------+-------+-------++-------
Melee: Rapier            |   112 |   107 ||   219
  Use: Scroll            |       |     6 ||     6
       Potion            |       |     1 ||     1
Armor: Scale mail        |    49 |       ||    49
       Chain mail        |    28 |    56 ||    84
Dodge: Dodged            |    59 |    35 ||    94
Block: Buckler           |    27 |    22 ||    49

Table legend: (Time is in decaauts)
 A = Elapsed time spent in this place.
 B = Non-inter-level travel time spent in this place.
 C = Inter-level travel time spent in this place.
 D = Time resting spent in this place.
 E = Time spent auto-exploring this place.
 F = Levels seen in this place.
 G = Mean time per level.
                   A        B        C        D        E       F      G
               +--------+--------+--------+--------+--------+-----+--------+
         Total |   2259 |   2195 |     64 |    517 |   1142 |   3 |  753.0 |
       Dungeon |   2259 |   2195 |     64 |    517 |   1142 |   3 |  753.0 |
               +--------+--------+--------+--------+--------+-----+--------+

Top non-repeatable levels by time:
     D:1: 1400 daAuts
     D:2: 802 daAuts
     D:3: 57 daAuts
